 Dungeon Crawl Stone Soup version 0.29.1-15-g9cfb28693d (webtiles) character file.

Game seed: 12347892303618154777

170 safid the Chiller (level 5, -2/41 HPs)
             Began as a Merfolk Ice Elementalist on Mar 13, 2023.
             Slain by an orc
             ... wielding a +0 flail
              (5 damage)
             ... on level 3 of the Dungeon.
             The game lasted 00:05:46 (2646 turns).

safid the Chiller (Merfolk Ice Elementalist)        Turns: 2646, Time: 00:05:46

Health: -2/41      AC: 10    Str:  8    XL:     5   Next: 51%
Magic:  0/9        EV: 12    Int: 16    God:
Gold:   107        SH:  0    Dex: 15    Spells: 3/10 levels left

rFire   . . .      SeeInvis .   j - +3 dagger
rCold   . . .      Faith    .   (no shield)
rNeg    . . .      Spirit   .   a - +0 robe
rPois   .          Reflect  .   o - +0 helmet
rElec   .          Harm     .   (no cloak)
rCorr   .          Rampage  .   (no gloves)
Will    .....                   n - +0 pair of boots
Stlth   ++........              (no amulet)
HPRegen 0.13/turn               (no ring)
MPRegen 0.11/turn               (no ring)

@: ice-armoured
A: (nimble swimmer 2), mertail
a: no special abilities


You were on level 3 of the Dungeon.
You visited 1 branch of the dungeon, and saw 3 of its levels.

You collected 107 gold pieces.

Inventory:

Hand Weapons
 j - a +3 dagger (weapon)
Armour
 a - a +0 robe (worn)
 n - a +0 pair of boots (worn)
 o - a +0 helmet (worn)
Wands
 c - a wand of quicksilver (6)
Scrolls
 g - a scroll of noise {unknown}
 i - a scroll of blinking {unknown}
 k - a scroll of magic mapping {unknown}
 m - a scroll of enchant armour {unknown}
 q - a scroll of acquirement {unknown}
 r - a scroll of butterflies {unknown}
Potions
 b - a potion of magic
 d - a potion of attraction {unknown}
 e - 2 potions of haste
 f - a potion of flight {unknown}
 h - 3 potions of curing {unknown}
 l - 2 potions of resistance {unknown}
 p - a potion of brilliance {unknown}


   Skills:
 + Level 3.0 Fighting
 - Level 2.6 Dodging
 - Level 2.1 Stealth
 + Level 3.2 Spellcasting
 + Level 5.5 Ice Magic


You had 3 spell levels left.
You knew the following spells:

 Your Spells              Type           Power      Damage    Failure   Level
a - Freeze                Ice            80%        1d9       1%          1
b - Frozen Ramparts       Ice            40%        1d7       5%          3
c - Ozocubu's Armour      Ice            20%        N/A       5%          3

Your spell library contained the following spells:

 Spells                   Type           Power      Damage    Failure   Level
 Hailstorm                Conj/Ice       11%        3d5       50%         4


Dungeon Overview and Level Annotations

Branches:
Dungeon (3/15)

Altars:
Makhleb

Portals:
Sewer: D:3


Innate Abilities, Weirdness & Mutations

((You are very nimble when in or above water. (Stealth+, EV+, Speed+++)))
Your lower body shifts to a powerful aquatic tail in water.


Message History

You don't have enough magic to cast this spell.
Unknown command.
You closely miss the orc. The orc misses you. x2
Unknown command.
You hit the orc.
The orc is lightly wounded.
The orc closely misses you. The orc hits you but does no damage.
Unknown command.
You completely miss the orc.
The orc is lightly wounded.
The orc hits you with a +0 flail!
* * * LOW HITPOINT WARNING * * *
The orc misses you.
Casting: Frozen Ramparts (dangerous; 5% risk of failure)
Confirm with . or Enter, or press ? or * to list all spells.
A film of ice covers your body! The orc misses you.
The orc hits you but does no damage. The orc closely misses you.
The orc hits you with a +0 hand axe.
* * * LOW HITPOINT WARNING * * *
Unknown command.
You hit the orc.
The orc is heavily wounded.
The orc hits you but does no damage. x2
Unknown command.
You barely miss the orc.
The orc is heavily wounded.
The orc hits you but does no damage. The orc completely misses you.
Unknown command.
You hit the orc.
You kill the orc!
The orc hits you with a +0 flail.
* * * LOW HITPOINT WARNING * * *
Unknown command.
You hit the orc.
The orc is heavily wounded.
The orc closely misses you.
You hit the orc but do no damage.
The orc is heavily wounded.
The orc hits you with a +0 flail.
You die...

###.####.#............. .!.
##.....##.###########.. ..o.
.#.......#.............###....
.#.......#......#.............
....._..........#.............
#.......#...........~~~......
#.......#...>......~~~~~.....
.##.....##......o#†.~~∩~~.....
.####.####......@)..~~~~~..###
................##†..~~~....#
................##...........#
................#............#
................#.....##.....#
...........##.###.....# #....#
...........##.........# ###.#
...........######....##
############


You could see an orc.

Vanquished Creatures
  Terence (D:2)
  An iguana (D:3)
  Robin (D:2)
  2 adders (D:2)
  4 dart slugs
  An orc (D:3)
  3 endoplasms (D:1)
  4 giant cockroaches
  16 goblins
  10 hobgoblins
  2 quokkas
  12 ball pythons
  3 bats
  2 frilled lizards (D:1)
  5 kobolds
  8 rats
75 creatures vanquished.

Notes
Turn   | Place    | Note
-------+----------+-------------------------------------------
     0 | D:1      | safid the Merfolk Ice Elementalist began the quest for the
                  | Orb.
     0 | D:1      | Reached XP level 1. HP: 13/13 MP: 3/3
   302 | D:1      | Reached XP level 2. HP: 19/20 MP: 5/5
   350 | D:1      | Reached skill level 1 in Fighting
   847 | D:1      | Reached XP level 3. HP: 19/26 MP: 1/6
  1409 | D:2      | Learned a level 3 spell: Frozen Ramparts
  1476 | D:2      | Reached skill level 5 in Ice Magic
  1536 | D:2      | Noticed Terence
  1559 | D:2      | Reached XP level 4. HP: 29/33 MP: 4/8
  1564 | D:2      | Learned a level 3 spell: Ozocubu's Armour
  2108 | D:2      | Noticed Robin
  2120 | D:2      | Killed Robin
  2245 | D:2      | Killed Terence
  2246 | D:2      | Reached XP level 5. HP: 24/39 MP: 2/9
  2577 | D:3      | Found a burning altar of Makhleb.
  2599 | D:3      | Found a glowing drain.
  2646 | D:3      | Slain by an orc

Illustrated notes

Levels and vault maps discovered:
D:1:      minmay_arrival_arboretum_small, layout_basic
D:2:      layout_loops_ring, uniq_terence, uniq_robin
D:3:      layout_basic, tso_altar, old_standard_altar,
          nicolae_ashenzari_skybound, hellmonk_ecumenical_altar_prayer_group,
          portal_sewer_entry_a, uniq_jessica, uniq_sigmund

Skill      XL: |  1  2  3  4  5 |
---------------+----------------+-----
Fighting       | 1 2 3 |  3.0
Ice Magic      | 5 |  5.5
Spellcasting   | 3 |  3.2
Dodging        | |  2.6
Stealth        | |  2.1

Action                   |  1- 3 |  4- 6 || total
-------------------------+-------+-------++-------
Melee: Dagger            |    58 |    64 ||   122
       Punch             |     1 |       ||     1
 Cast: Freeze            |    28 |     6 ||    34
       Frozen Ramparts   |     2 |     6 ||     8
       Ozocubu's Armour  |       |     4 ||     4
 Stab: Sleeping          |     3 |     1 ||     4
Armor: Robe              |    15 |    20 ||    35
Dodge: Dodged            |    50 |    45 ||    95
